 Dungeon Crawl Stone Soup version 0.23-a0-164-g7711e57 (webtiles) character file.

252 topirishpotato the Insei (level 6, -6/38 HPs)
             Began as an Octopode Transmuter on Sept 10, 2018.
             Killed from afar by an orc wizard (11 damage)
             ... with a puff of flame
             ... on level 3 of the Dungeon.
             The game lasted 00:07:12 (3688 turns).

topirishpotato the Insei (Octopode Transmuter)      Turns: 3688, Time: 00:07:13

Health: -6/38      AC:  1    Str: 10    XL:     6   Next: 13%
Magic:  10/10      EV: 13    Int: 15    God:
Gold:   60         SH:  0    Dex: 14    Spells: 5/11 levels left

rFire    . . .     SeeInvis .     - Unarmed
rCold    . . .     Gourm    +   (no shield)
rNeg     . . .     Faith    .   (helmet restricted)
rPois    .         Spirit   .   j - amulet of the gourmand
rElec    .         Reflect  .   (no ring)
rCorr    .         Harm     .   (no ring)
MR       .....                  (no ring)
Stlth    +++.......             (no ring)
HPRegen  0.12/turn              (no ring)
MPRegen  0.12/turn              (no ring)
                                (no ring)
                                (no ring)

@: appendage, drained
A: almost no armour, stealthy swim, amphibious, 8 rings, constrict 8, tentacle
spike 3, camouflage 1, gelatinous body 1
a: End Transformation


You were on level 3 of the Dungeon.
You were not hungry.
One of your tentacles had a temporary spike.
You visited 1 branch of the dungeon, and saw 3 of its levels.

You collected 60 gold pieces.

Inventory:

Missiles
 a - 45 arrows
 i - 41 stones (quivered)
Jewellery
 j - an amulet of the gourmand (around mantle)
Scrolls
 b - 5 scrolls of identify {unknown}
 f - 2 scrolls of magic mapping {unknown}
 g - 3 scrolls of remove curse {unknown}
 k - a scroll of enchant armour {unknown}
 m - a scroll of amnesia {unknown}
 n - a scroll of enchant weapon {unknown}
 q - a scroll of blinking {unknown}
 r - 2 scrolls of immolation {unknown}
Potions
 d - a potion of resistance {unknown}
 e - a potion of degeneration {unknown}
 h - 2 potions of curing {unknown}
 l - a potion of agility
 o - a potion of berserk rage {unknown}
 p - a potion of ambrosia {unknown}
Comestibles
 c - 5 rations


   Skills:
 - Level 1.0(0.9) Fighting
 - Level 2.0(1.9) Dodging
 + Level 3.1 Stealth
 + Level 4.7 Unarmed Combat
 + Level 3.0 Spellcasting
 + Level 3.3 Transmutations
 * Level 0.6 Poison Magic


You had 5 spell levels left.
You knew the following spells:

 Your Spells              Type           Power        Failure   Level  Hunger
a - Beastly Appendage     Tmut           ##....       4%          1    #......
b - Sticks to Snakes      Tmut           ##......     8%          2    ##.....
c - Spider Form           Tmut/Pois      #.........   26%         3    ###....

Your spell library contained the following spells:

 Spells                   Type           Power        Failure   Level  Hunger
 Ice Form                 Ice/Tmut       #.......     69%         4    #####..
 Blade Hands              Tmut           ##........   80%         5    ######.


Dungeon Overview and Level Annotations

Branches:
Dungeon (3/15)

Altars:


Innate Abilities, Weirdness & Mutations

You cannot wear most types of armour.
You are very stealthy in the water. (Stealth+)
You are amphibious.
You can wear up to eight rings at the same time.
You can use your tentacles to constrict eight enemies at once.
Your skin changes colour to match your surroundings (Stealth+).
Your rubbery body absorbs attacks. (AC +1, EV +1)
One of your tentacles bears a large vicious spike.


Message History

Something hits you but does no damage.
Casting: Beastly Appendage (safe; 4% risk of failure)
Confirm with . or Enter, or press ? or * to list all spells.
One of your tentacles grows a vicious spike.
Something hits you.
You closely miss something. Something hits you but does no damage.
You completely miss something.
You pierce something.
You squeeze something. Something hits you.
You closely miss something.
Your tentacle spike misses something.
Your squeeze misses something. You barely miss something.
You hear some strange, mumbled words.
A puff of flame appears from out of thin air!
The puff of flame hits you!
* * * LOW HITPOINT WARNING * * *
Okay, then.
You hear some strange, mumbled words.
A puff of flame appears from out of thin air!
The puff of flame hits you!
You die...

#>...........#
#.#.#..###<..#
#.#.#..# #...# #
#.#..# #...#
#.#..###...#
#..........#
...........#
##################..#
......<)o.o..@......#
##################..#
####


You could see 2 orcs.

Vanquished Creatures
  Jessica (D:2)
  Natasha (thrice) (D:2)
  5 adders
  An ooze (D:3)
  2 worms
  A dart slug (D:2)
  3 leopard geckos
  6 orcs (D:3)
  A ball python (D:1)
  4 giant cockroaches
  7 hobgoblins
  9 jackals
  5 kobolds
  3 quokkas (D:3)
  3 bats
  2 frilled lizards
  9 goblins
  A rat (D:1)
66 creatures vanquished.

Vanquished Creatures (others)
  An orc wizard (D:3)
1 creature vanquished.

Grand Total: 67 creatures vanquished

Notes
Turn   | Place    | Note
-------+----------+-------------------------------------------
     0 | D:1      | topirishpotato the Octopode Transmuter began the quest for
                  | the Orb.
     0 | D:1      | Reached XP level 1. HP: 13/13 MP: 3/3
   317 | D:1      | Reached XP level 2. HP: 18/18 MP: 3/5
  1079 | D:2      | Reached skill level 1 in Stealth
  1079 | D:2      | Reached XP level 3. HP: 23/23 MP: 4/6
  1171 | D:2      | Noticed Jessica
  1180 | D:2      | Killed Jessica
  1180 | D:2      | Reached XP level 4. HP: 28/28 MP: 5/7
  1222 | D:2      | Reached skill level 4 in Unarmed Combat
  1266 | D:2      | Noticed Natasha
  1273 | D:2      | Killed Natasha
  1496 | D:2      | Noticed Natasha
  1508 | D:2      | Killed Natasha
  1508 | D:2      | Reached XP level 5. HP: 16/33 MP: 7/9
  1877 | D:2      | Noticed Natasha
  1885 | D:2      | Killed Natasha
  3088 | D:3      | Learned a level 2 spell: Sticks to Snakes
  3092 | D:3      | Learned a level 3 spell: Spider Form
  3504 | D:3      | Reached XP level 6. HP: 38/38 MP: 8/10
  3688 | D:3      | Killed from afar by an orc wizard

Vault maps used:
D:1:      grunt_arrival_crossed_arrows
D:2:      uniq_natasha, uniq_jessica

Skill      XL: |  1  2  3  4  5 |
---------------+----------------+-----
Stealth        | 1 2 3 |  3.1
Unarmed Combat | 4 |  4.7
Transmutations | 3 |  3.3
Spellcasting   | 3 |  3.0
Fighting       | |  1.0
Dodging        | |  2.0
Poison Magic   | |  0.6

Action                   |  1- 3 |  4- 6 || total
-------------------------+-------+-------++-------
Melee: Unarmed           |    50 |   113 ||   163
       Constrict         |    14 |    28 ||    42
       Tentacles         |     6 |    17 ||    23
       Kick              |     5 |    29 ||    34
       Punch             |     2 |     2 ||     4
 Cast: Beastly Appendage |    15 |    24 ||    39
 Stab: Sleeping          |     7 |     4 ||    11
  Eat: Chunk             |       |     9 ||     9
       Ration            |       |     1 ||     1
Armor: Skin              |    12 |    10 ||    22
Dodge: Dodged            |    42 |    49 ||    91

Table legend:
 A = Non-vault XP
 B = Vault XP
 C = Vault XP percentage of total XP
 D = Non-vault monster count
 E = Vault monster count
 F = Vault count percentage of total count
                 A         B        C        D         E       F
            +---------+---------+-------+---------+---------+-------
      Total |     288 |      72 |  20.0 |      65 |       2 |   3.0
            +---------+---------+-------+---------+---------+-------
        D:1 |      33 |       0 |   0.0 |      18 |       0 |   0.0
        D:2 |     135 |      72 |  34.8 |      21 |       2 |   8.7
        D:3 |     120 |       0 |   0.0 |      26 |       0 |   0.0
            +---------+---------+-------+---------+---------+-------
